 Dungeon Crawl Stone Soup version 0.30-a0-1160-g6e42c06551 (webtiles) character file.

Game seed: 5908938589673517702

35 cheesebisquit the Firebug (level 3, -3/26 HPs)
             Began as a Hill Orc Fire Elementalist on Apr 25, 2023.
             Slain by a gnoll
             ... wielding a +0 flail
              (7 damage)
             ... on level 2 of the Dungeon.
             The game lasted 00:01:52 (924 turns).

cheesebisquit the Firebug (HOFE)                     Turns: 924, Time: 00:01:52

Health: -3/26      AC:  2    Str: 10    XL:     3   Next: 35%
Magic:  4/5        EV: 12    Int: 17    God:
Gold:   23         SH:  0    Dex: 11    Spells: 4/5 levels left

rFire   . . .        g - +0 mace
rCold   . . .        (no shield)
rNeg    . . .        a - +0 robe
rPois   .            (no helmet)
rElec   .            (no cloak)
rCorr   .            (no gloves)
SInv    .            (no boots)
Will    .....        (no amulet)
Stlth   ++           (no ring)
HPRegen 0.24/turn    (no ring)
MPRegen 0.09/turn

%: no passive effects
@: brilliant
A: no striking features
a: no special abilities


You were on level 2 of the Dungeon.
You visited 1 branch of the dungeon, and saw 2 of its levels.

You collected 23 gold pieces.

Inventory:

Hand Weapons
 g - a +0 mace (weapon)
Armour
 a - a +0 robe (worn)
Scrolls
 c - a scroll of enchant armour {unknown}
 f - a scroll of fog {unknown}
 i - a scroll of immolation {unknown}
 j - a scroll of magic mapping {unknown}
Potions
 e - a potion of mutation {unknown}
 h - a potion of ambrosia {unknown}


   Skills:
 - Level 1.5 Dodging
 - Level 1.5 Stealth
 - Level 1.5 Spellcasting
 - Level 1.0 Conjurations
 + Level 4.8 Fire Magic


You had 4 spell levels left.
You knew the following spells:

 Your Spells              Type           Power      Damage    Failure   Level
a - Foxfire               Conj/Fire      64%        2x1d7     6%          1

Your spell library contained the following spells:

 Spells                   Type           Power      Damage    Failure   Level
 Scorch                   Fire           52%        2d7       4%          2
 Inner Flame              Hex/Fire       14%        N/A       22%         3
 Volatile Blastmotes      Fire/Tloc      28%        2d12      22%         3
 Flame Wave               Conj/Fire      16%        2d7       52%         4


Dungeon Overview and Level Annotations

Branches:
Dungeon (2/15)

Altars:


Message History

You barely resist.
Your Fire Magic skill increases to level 4!
A gnoll comes into view. It is wielding a +0 flail.
You conjure some foxfire!
The foxfire hits the gnoll.
The gnoll is moderately wounded.
The foxfire hits Jessica.
Jessica is lightly wounded.
Your magical contamination has completely faded away.
You are out of magic!
Magic courses through your body.
The gnoll throws a throwing net.
The throwing net hits you.
You become entangled in the net!
You tear a large gash into the net.
You struggle against the net.
The gnoll hits you from afar with a +0 spear.
Jessica barely misses you.
You rip the net and break free!
The gnoll barely misses you. Jessica gestures at you while chanting.
Pain shoots through your body!
Casting: Foxfire (safe; 9% risk of failure)
Press: ? - help, Q - select action Dir - look around, f - activate You conjure some foxfire!
Jessica barely misses you. The gnoll closely misses you.
You sock Jessica!
Jessica is almost dead.
The foxfire hits Jessica.
You kill Jessica!
The foxfire hits the gnoll.
The gnoll is moderately wounded.
The gnoll hits you from afar with a +0 spear.
The gnoll hits you with a +0 flail.
* * * LOW HITPOINT WARNING * * *
You have reached level 3!
Your experience leads to an increase in your attributes!
Increase (S)trength, (I)ntelligence, or (D)exterity?
You feel clever. x2
It was a potion of brilliance.
You feel clever all of a sudden. The gnoll hits you with a +0 flail!
You die...

#...# #...# #...#
#...### +...#.# #...#.#
#### #######.###.###...
###.................
#.)@#########.#.#.##
#.....g†.# ##+#.#.#
#....g.g.# ### #......#
#......[.. ....#...####
#..>...............#
##..............†..## .
#.........[........###.
#.............####.....
.... #.....


You could see 3 gnolls.

Vanquished Creatures
  Jessica (D:2)
  2 ball pythons
  A giant cockroach (D:1)
  A goblin (D:1)
  A hobgoblin (D:2)
  2 bats
  A frilled lizard (D:2)
9 creatures vanquished.

Vanquished Creatures (others)
  21 foxfires
21 creatures vanquished.

Grand Total: 30 creatures vanquished

Notes
Turn   | Place    | Note
-------+----------+-------------------------------------------
     0 | D:1      | cheesebisquit the Hill Orc Fire Elementalist began the
                  | quest for the Orb.
     0 | D:1      | Reached XP level 1. HP: 14/14 MP: 3/3
   866 | D:2      | Reached XP level 2. HP: 20/20 MP: 2/4
   909 | D:2      | Noticed Jessica
   916 | D:2      | Reached skill level 4 in Fire Magic
   923 | D:2      | Killed Jessica
   924 | D:2      | Reached XP level 3. HP: 4/26 MP: 3/5
   924 | D:2      | Slain by a gnoll

Illustrated notes

Levels and vault maps discovered:
D:1:      dpeg_arrival_concentric_ovals, layout_basic
D:2:      layout_basic, uniq_jessica, uniq_natasha, uniq_robin

Skill      XL: |  1  2 |
---------------+-------+-----
Fire Magic     | 4 |  4.8
Dodging        | |  1.5
Stealth        | |  1.5
Spellcasting   | |  1.5
Conjurations   | |  1.0

Action                     || total
---------------------------++-------
  Melee: Mace              ||     3
   Cast: Foxfire           ||    12
    Use: Potion            ||     2
  Dodge: Dodged            ||     6

Table legend: (Time is in decaauts)
 A = Elapsed time spent in this place.
 B = Non-inter-level travel time spent in this place.
 C = Inter-level travel time spent in this place.
 D = Time resting spent in this place.
 E = Time spent auto-exploring this place.
 F = Levels seen in this place.
 G = Mean time per level.
                   A        B        C        D        E       F      G
               +--------+--------+--------+--------+--------+-----+--------+
         Total |    924 |    903 |     21 |      0 |    833 |   2 |  462.0 |
       Dungeon |    924 |    903 |     21 |      0 |    833 |   2 |  462.0 |
               +--------+--------+--------+--------+--------+-----+--------+

Top non-repeatable levels by time:
     D:1: 773 daAuts
     D:2: 150 daAuts
